[Event "EU-ch 12th"]
[Site "Aix les Bains"]
[Date "2011.04.01"]
[Round "10"]
[White "Sokolov, Ivan"]
[Black "Stefansson, Hannes"]
[Result "1-0"]
[ECO "E07"]
[WhiteElo "2643"]
[BlackElo "2557"]
[Annotator "Botvinnik,M/Primel,D"]
[PlyCount "91"]
[EventDate "2011.03.22"]
[EventType "swiss"]
[EventRounds "11"]
[EventCountry "FRA"]
[SourceTitle "CBM 142 Extra"]
[Source "ChessBase"]
[SourceDate "2011.06.27"]
[SourceVersion "1"]
[SourceVersionDate "2011.06.27"]
[SourceQuality "1"]
[TimeControl "40/5400+30:1800+30"]

1. d4 d5 2. c4 c6 3. Nf3 Nf6 4. Nc3 e6 5. g3 {Retombe d'une Semi-Slave vers
une Catalane mais en perdant l'option de jouer Nbd2} (5. e3) (5. Bg5) 5... dxc4
{la ligne critique lorsque les Blancs ont joué Nc3} (5... Nbd7 {La grande ligne
} 6. Bg2 Be7 (6... Bd6 7. O-O O-O 8. Nd2 Re8 9. e4 dxe4
10. Ndxe4 Nxe4 11. Nxe4 Be7 12. Bf4 Nf6 13. c5 $1 {[%csl Rc8];Ivanisevic,I 
(2602)-Ascic,P (2387) Zupanja op-A 13th 2007 (5) 1-0}) 7. O-O O-O 8. b3 b6 (
8... Qa5 $6 9. Qd3 $14 {[%cal Ge2e4];Primel,D (2149)-Yacob,F (2195)
Championnat de Paris 2002 (6) 1/2}) 9. Bb2 Bb7 (9... Ba6 10. Nd2 Rc8 11. a4 (11. e4) 11... Qc7 12. Qb1 (12. a5 b5 13. c5 b4 $13) 12...
Rfd8 13. Rc1 Qb8 14. e3 Bb4 15. Ba3 Bxa3 16. Rxa3 $14) 10. Qc2 Rc8 11. Rad1 (
11. e4) (11. e4 c5 ) 11... Qc7 (11... b5) (11... c5) 12. e4 dxe4
13. Nxe4 (13. Ng5 $5) 13... Nxe4 14. Qxe4 c5 15. d5 Bf6 16. Qc2 exd5 (16...
Bxb2 $143 17. dxe6 $1 {Lengyel,L-Sliwa,B Rubinstein Memorial 04th 1966 (7) 1-0}
) 17. cxd5 Bxb2 18. Qxb2 Rcd8 19. d6 Qb8 20. Rfe1 Nf6 21. Re7 Nd5 (21... Rxd6
$5 22. Rxd6 Qxd6 23. Rxb7 Qd1+ 24. Bf1 Qxf3 $44 {Neistadt}) 22. Rxb7 {Kramer,
H-Fichtl,J Varna ol (Men) fin-A 1962 (1) 1-0}) 6. Bg2 Nbd7 (6... b5 7. Ne5 a6
8. a4 Bb7 9. O-O Nd5 (9... Qb6 10. e4 (10. Bg5)) 10. e4 Nxc3 11. bxc3 Nd7 12.
Bf4 Be7 13. Qg4 $44 {[%csl Rg7][%cal Gf4h6];Kortschnoj,V (2602)-Wang Yue (2704)
Amsterdam NH Hotels 3rd 2008 (9) 1/2}) 7. e4 (7. O-O Be7 8. e4 (8. a4) 8... O-O
9. a4 e5 $132 (9... b6 10. Qe2 a5 11. Rd1 Ba6 {Leon Hoyos,M (2569)-Milos,G 
(2593) Iberoamerican-ch fin-A 4th 2012 (5) 1-0})) (7. a4 Bb4) 7... Be7 (7...
Bb4 {Plus actif} 8. e5 (8. Qe2) (8. O-O $146 Bxc3 9. bxc3 Nxe4 10. Qc2 Ndf6 11.
Ba3 $44 ) 8... Nd5) 8. O-O O-O 9. Bf4 (9.
a4 e5 $1 (9... b6 10. Qe2 Ba6 (10... a5) 11. Rd1 (11. b3 Bb4 12.
Bb2 c5 13. bxc4 cxd4 14. Nxd4 Bxc3 15. Bxc3 Rc8 16. Nb5 Bxb5 17. axb5 Qc7 18. e5 Qxc4 19. Qxc4 Rxc4 20. exf6 Rxc3 21. fxg7 Kxg7 22. Rxa7 $11 {
Botvinnik}) 11... Re8 12. Bf4) (9... a5 {[%csl Gb4] La grande ligne} 10. Qe2 b6 11. Rd1 Ba6 12. Bf4 (12. d5 $13))) 9... Re8 (9... b5 {Le coup
naturel mais les Blancs ont des bonnes compensations avec la percée thématique
d5} 10. d5 $44 Qb6 11. dxc6 Nc5) 10. a4 Nf8 $6 $146 {[%csl Rf8] Début d'un
plan bizarre et trés passif} (10... a5 11. Re1 (11. Qc2 b6 12. Rfd1 Bf8 13. d5
$36 {Bacrot,E (2710)-Filippov,A (2606) FIDE World Cup 2011 (2.2) 1-0}) 11...
Nf8 (11... Bb4) 12. Qe2 Ng6 13. Bg5 e5 14. Bxf6 Bxf6 15. d5 Ne7 16. Nd2 b6 17.
Nxc4 Ba6 18. Rad1 cxd5 19. Nxd5 Nxd5 20. exd5 Bxc4 21. Qxc4 Rc8 22. Qe2 Qd6 23.
Rc1 Rc5 24. Rxc5 Qxc5 25. Qd2 Rd8 26. Rc1 {Sokolov,I (2669)-Harikrishna,P 
(2686)/Sarajevo 2009/1/2-1/2}) (10... b6 {[%cal Gc8a6,Gc8b7] Plus naturel mais
les Blancs peuvent exploiter la position active du Nc3} 11. d5 $1 {[%csl Gc3];
Shimanov,A (2535)-Potkin,V (2614) RUS Cup final 2009 (1.1) 1-0}) 11. a5 $44 Ng6 12. e5 $1 {Gagne de l'espace et
l'affaiblissement de la case "d5" ne permet néanmoins pas aux Noirs d'égaliser}
(12. Bg5) 12... Nd5 13. Bd2 c5 $5 {Souvent un coup libérateur dans la Catalane
malgré la perte de temps} 14. dxc5 Nxc3 (14... Bxc5 15. Ne4 Be7 16. Qa4 Bd7 17. Qxc4 Rc8) 15. Bxc3 $14 Bxc5 (15... Qxd1 $2 16. Rfxd1 $32 ) 16. Nd2 $1 {[%csl Rb7,Gg2][%cal Gd2c4,Ga5a6] Les Noirs n'ont
pas réussi а terminer le développement de l'aile-dame qui va être sous
pression du Bg2} (16. h4 $5 Qc7 17. h5 Nf8 18. Nd2 Bd7
(18... Rd8 19. Qe2 Bd7 20. Qxc4 Rac8 21. Qg4 $36 ) 19. Nxc4 Bxf2+ 20. Rxf2 Qxc4 21. Qf3 ) 16... Qc7 17. Nxc4
Rd8 (17... Bxf2+ 18. Rxf2 Qxc4 19. a6 $1 $18 ) 18. Qf3 {[%csl
Ra8,Rb7][%cal Ga5a6] Remet une couche sur la diagonale mais Qe2 aurait gagné
un tempo sur la partie car les Noirs ne peuvent pas simplifier en jouant Bc6
attaquant la Qf3} (18. Qe2 $142 $1 Rb8 19. h4 Bd7 20. Nd6
$1 (20. h5 Bb5) 20... Bxd6 21. exd6 Qxd6 22. Rfd1 Qc7 (22... Qe7 23. h5 Nf8 24.
h6 $36 ) 23. h5 Nf8 24. Be5 ) 18... Rb8 19. h4 $1 {
[%csl Rg6][%cal Gh4h5] Les Blancs peuvent se permettre le luxe de jouer sur
tout l'échiquier!} (19. Rfd1 $5 Bd7 20. Nd6 Bc6 21. Qd3 Bxg2
22. Kxg2 Rd7 23. Rac1 Rbd8 24. Qb5 ) 19... Bd7 20. h5 Bc6 21. Qg4
Bxg2 22. Kxg2 Bd4 (22... Nf8 23. h6) (22... Ne7 23. Rac1 (
23. Nd6 Nd5 24. Rac1) 23... Nd5 24. h6 g6 25. Bd2 (25. Nd6 $1
Bxd6 26. exd6 Qc6 27. Kg1 Nxc3 28. Rxc3 Qxd6 29. Rfc1)
25... Qc6 26. Qf3 Qd7 (26... Rbc8 27. Nd6) 27. b4 Be7 (27...
Bxb4 28. Bxb4 Nxb4 29. Qf6) 28. Rfd1 Qb5 29. Nd6 Bxd6 30. exd6 Rxd6 31. Bf4
Nxf4+ 32. Qxf4 e5 33. Qf3 Rxd1 34. Rxd1 Qxb4 35. Rd7 Qf8 36. Rxb7 Rxb7 37. Qxb7
Qxh6 38. Qxa7 $40 ) 23. hxg6 Qxc4 24. Qh4 $1
{[%cal Gf1h1] Un joli coup intermédiaire profitant de la double attaque} Qd5+ (
24... hxg6 25. Rh1 $40 f6 26. exf6 Kf7 {Un moindre mal et la position n'est
pas totalement claire.}) (24... fxg6 $2 25. Rad1 ) 25. f3 Bxc3 26. Rad1 (26. Qxh7+ $143 $5 Kf8 27. Qh8+ Ke7 28. Qxg7 Bxe5
29. Qxf7+ Kd6 30. Rfd1 Bd4 31. Rac1 Rd7 (31... Rbc8 32. Rxc8 Rxc8 33. g7 e5 34.
Qf8+ $1) 32. Qf4+ e5 33. Qf6+ Qe6 34. Rxd4+ {Joli mais les Blancs n'ont qu'un
échec perpétuel} exd4 35. Qxd4+ Ke7 36. Qg7+ Kd6 37. Qd4+ Ke7) 26... Bd4 27.
Qxh7+ Kf8 28. Qh8+ Ke7 29. Qxg7 Kd7 30. Rc1 Qxe5 31. Qxf7+ Kd6
32. Rfe1 Qf6 33. Qc7+ Kd5 34. Qc4+ Kd6 35. Qc7+ Kd5 36. a6 e5 37. Qc4+ Kd6 38.
Qc7+ Kd5 39. axb7 Qb6 40. Qf7+ (40. Rxe5+ {Devait gagner plus vite} Bxe5 41.
Qc4+) 40... Kd6 41. Qf6+ (41. g7) 41... Kd5 42. Qf7+ Kd6 43. g7 Qxb7 44. Qg6+
Kd7 45. Rh1 e4 46. Qf7+ 1-0

[Event "EU-ch 12th"]
[Site "Aix les Bains"]
[Date "2011.03.24"]
[Round "3"]
[White "Serov, Maksim"]
[Black "Khalifman, Alexander"]
[Result "1/2-1/2"]
[ECO "E07"]
[WhiteElo "2352"]
[BlackElo "2637"]
[Annotator "Marchand,A/Primel,D"]
[PlyCount "42"]
[EventDate "2011.03.22"]
[EventType "swiss"]
[EventRounds "11"]
[EventCountry "FRA"]
[SourceTitle "CBM 142 Extra"]
[Source "ChessBase"]
[SourceDate "2011.06.27"]
[SourceVersion "1"]
[SourceVersionDate "2011.06.27"]
[SourceQuality "1"]
[TimeControl "40/5400+30:1800+30"]

1. d4 d5 2. Nf3 Nf6 3. c4 c6 4. Qb3 e6 (4... dxc4 {Probablement un moyen plus
simple d'égaliser et par rapport а la variante 4.Qc2, les Blancs n'ont pas
l'option du gambit RAUZIS} 5. Qxc4 Bf5 (5... Bg4 6. Nc3 Nbd7 7. e4 Bxf3 (7...
e6 8. Be3 Be7 9. Be2 O-O 10. O-O $14) 8. gxf3 e5 9. Be3 (9. dxe5 Nxe5 10. Qe2
Bc5 11. Bd2 Qe7 (11... O-O 12. O-O-O (12. Rg1 $5 )) 12. f4 $14 {Vitiugov,N (2616)-Lastin,A (2639) RUS-ch Higher
League 61st 2008 (3) 1/2})) 6. g3 e6 7. Bg2 Nbd7 8. O-O Be7 9. Nc3 (9. e3 O-O
10. Qe2 Ne4 (10... c5 11. Rd1 (11. Nc3 Ne4 12. Ne1 $1 Ndf6 13. f3 Nxc3 14. bxc3
$14 {[%cal Ge3e4];Kurajica,B (2529)-Haznedaroglu,K (2439) Mediterranean op-A
4th 2010 (7) 1/2}) 11... Qb6 12. Nc3 cxd4 (12... Rfd8 13. h3 {Wojtkiewicz,A 
(2551)-Kamsky,G (2717) New York Masters 119th rapid 2004 (4) 1/2} (13. e4 Bg4 (
13... Bg6 14. d5 $36 ) 14. Be3 cxd4 (14... Rac8
15. h3 Bh5 16. g4 Bg6 17. Nh4 $16) 15. Bxd4 $36 )) 13. Nxd4 Bg4 14.
f3 Bh5 15. e4 e5 16. Na4 Qa5 17. Nf5 $1 Bb4 18. b3 Rfd8 19. a3 $14 {
Wojtkiewicz,A (2539)-Zatonskih,A (2440) USA-ch San Diego 2004 (3) 1/2}) (10...
Qb6 11. Nbd2 Ne4 12. Ne5 Nxe5 13. Nxe4 Nd7 14. Nc3 $14
) 11. Rd1 Qc7 12. Ne1 Bg6 13. Nc3 Nxc3 14. bxc3 c5
15. e4 cxd4 16. cxd4 $16 Rac8 17. Nd3 Rfd8 (17... Qc2) 18. Bb2
Qa5 19. Nf4 Qa4 20. d5 $5 {Wojtkiewicz,A (2543)-Stripunsky,A 
(2543) New York Masters 76th rapid 2003 (3) 1-0}) 9... O-O 10. Re1 Ne4 11. Qb3 Qb6 12. Nh4 Bxh4 13. gxh4 $5 Ndf6 14. f3 Nxc3
15. bxc3 Qc7 16. e4 Bg6 17. Be3 Nh5 18. a4 Qe7 19. Bg5 Qc7 20. Be3
{Nezar,M (2391)-Vernay,C (2441) FRA-chT Top 12 2012 (2.7) 1/2} (20. a5 )) 5. g3 {Retombe sur une Catalane avec une sortie
prématurée de la Q mais c'est un système que jouait Kortchnoi dès les années 50
} Be7 (5... dxc4 6. Qxc4 b5 7. Qb3 (7. Qd3 Bb7 8. Bg2 Nbd7 9. O-O a6 10. Nfd2
Qb6 (10... Qc8 11. a4 b4 12. Nb3 c5 13. Bxb7 Qxb7 $11 {Leitao inf 114}) 11. a4
{El Debs,F (2477)-Leitao,R (2626) BRA-ch 78th Campinas 2011 (2) 0-1})) (5...
Nbd7 6. Nc3 (6. Bg2)) 6. Bg2 O-O 7. Nc3 (7. O-O Nbd7 8. Nc3 (8. Bf4 a5 $1 {
[%csl Rb3][%cal Ga5a4];Giri,A (2711)-Aronian,L (2816) Istanbul ol (Men) 40th
2012 (10.1) 0-1 La sortie Qb3 ne présente pas que des avantages}) (8. Rd1 b6 9.
Nc3) 8... b6 (8... a5 $5) 9. Bf4 Bb7 10. cxd5 exd5 11. Rad1 Re8 12. e4 $1 Nxe4
13. Nxe4 dxe4 14. Ne5 $40 {[%csl Rf7];Rashkovsky,N (2525)-Goloshchapov,A (2446)
RUS-Cup final 1999 (9) 1-0}) (7. Nbd2 $143 Nbd7 8. O-O Qb6 9. c5 Qxb3 10. axb3
a5 11. b4 b6 $1) 7... Nbd7 (7... b6 8. O-O Nbd7 9. Rd1 (9. cxd5 exd5 (9... cxd5
10. Bf4 a6 11. Rac1 (11. a4) 11... b5 12. a4 b4 13. Nb1 Ne8 14. Nbd2 Bb7 15.
Ne5 Nxe5 16. dxe5 a5 17. Nf3 Nc7 18. Be3 Qd7 $11 {Gligoric,S-Eliskases,E
Saltsjobaden Interzonal 1952 (8) 1/2}) 10. Bf4 Bb7 11. Rad1 (11. Rfe1) 11... Re8 (11... Nh5 $5 {Loevenfisch} 12. Bc1 Qc7 )) 9... Ba6 10. cxd5 cxd5 11. Nb5 $6 Ne4 12. Bf4 Ndc5 $1 {[%csl
Rb3];Antoshin,V-Spassky,B URS-ch23 Leningrad 1956 1/2}) 8. O-O (8. Bf4 Nh5 $132 ) 8... Nb6 $5 {[%csl Rc4] La Qb3 n'est finalement pas si bien
placée et la pression du Nb6 sur le Pc4 force les Blancs а faire une concession
} (8... b6 {La grande ligne}) (8... Qb6 9. c5 Qxb3 10. axb3 $14 ) 9. cxd5 {C'est rarement un bon choix dans la Catalane
mais les Blancs n'ont pas vraiment le choix.} (9. c5 Nbd7 10. Bf4 b6 $11 {
Nikolaev,N (2330)-Nikolaev,V (2280) St Petersburg White Nights op 1998 (5) 1/2}
) 9... exd5 (9... Nbxd5) 10. Ne5 (10. Bf4) (10. Rd1) 10... Ng4 (10... Bf5) 11.
Nd3 $1 $14 Nc4 (11... Re8 $132 ) 12. Rd1
$146 (12. Bf4 Bd6 13. Rfd1 Qc7 14. Bxd6 $14 {[%csl Rc8];Kortschnoj,V-Vittiglio,
G 1st StudWTCh final 1954 (3) 1-0}) (12. Qc2 Re8 13. b3) 12...
Nf6 13. Bf4 Nd6 14. Bxd6 $6 {Les Blancs veulent pousser "e4" mais les nombreux
échanges qui vont suivre vont amoindrir le potentiel dynamique des Blancs au
centre alors que le Pd4 sera une faiblesse structurelle} (14. Rac1) 14... Bxd6
15. e4 dxe4 16. Nxe4 Nxe4 17. Bxe4 Qf6 $11 18. Nc5
Rb8 19. Rac1 Kh8 (19... Bg4 $11) 20. Bf3 Qe7 21. Re1 Qd8 1/2-1/2

[Event "Sautron op 16th"]
[Site "Sautron"]
[Date "2016.10.22"]
[Round "2.3"]
[White "Zubarev, Alexander2"]
[Black "Delorme, Alban"]
[Result "0-1"]
[ECO "E07"]
[WhiteElo "2525"]
[BlackElo "2316"]
[Annotator "RR"]
[PlyCount "84"]
[EventDate "2016.10.22"]
[EventType "swiss"]
[EventRounds "9"]
[EventCountry "FRA"]
[SourceTitle "EXT 2019"]
[Source "ChessBase"]
[SourceDate "2018.10.10"]
[SourceVersion "1"]
[SourceVersionDate "2018.10.10"]
[SourceQuality "1"]
[TimeControl "40/5400+30:1800+30"]
[WhiteClock "0:08:59"]
[BlackClock "0:45:54"]

1. d4 d5 2. Nf3 Nf6 3. c4 e6 4. g3 Be7 5. Bg2 O-O 6. Nc3 {
[%emt 0:00:06] Une ligne ambitieuse car le P"c4" est plus difficile à
récupérer} (6. O-O {La grande ligne}) 6... c6 (
6... dxc4 {La ligne critique} 7. O-O Nc6 (7... Nbd7 8. e4 c6 9. Bf4 Nh5 10. Be3
Nhf6 11. a4 e5 $13) 8. e3 Rb8 ) 7. O-O b6 (7... Nbd7) (7... dxc4 8. Ne5 ) 8. b3 (8. Ne5) (8. Bf4) 8... Nbd7 (8... Ba6 9. Qd3 $14 ) 9. Qd3 $5 (9. Bb2) (9. Qc2
Ba6 10. Rd1 dxc4 11. bxc4 Bxc4 12. Ne5 Nxe5 13. dxe5 Nd5 14. Bb2 $44 ) 9... Bb7 (9... Ba6 10. Rd1 (10. e4 dxc4 11. bxc4 e5 {
Illustrant le problème de jouer e4 au bon moment}) 10... c5 (10... Rc8) 11.
Nb5 $5 (11. Bb2 Rc8 12. Nb5) 11... Bxb5 12. cxb5 a6 13. bxa6 Qc8
14. Bb2 Qxa6 15. Qxa6 Rxa6 16. a4 Rc8 17. Rdc1 Ne4 18. e3 Ra7 19. Bf1 f5 20.
Rc2 g5 21. dxc5 bxc5 22. Nd4 Kf7 23. Nb5 Raa8 24. f3 Nef6 25. a5 g4 26. f4 Nb8
27. Be5 Nc6 28. Nd6+ Bxd6 29. Bxd6 Ne4 30. Bxc5 Rxa5 31. Rac1 Rb8 32. Bd6 Nxd6
33. Rxc6 Ne8 34. Rb1 Rb4 35. Ra6 Rxa6 36. Bxa6 Nd6 37. Bd3 Kf6 38. Kf2 e5 39.
fxe5+ {Wojtaszek,R (2733)-Adams,M (2740) Biel 2015 1/2-1/2}) 10. Rd1 Rc8 11. Bb2 Re8 $6 $146 {
[%emt 0:04:35] Un coup passif} (11... dxc4 12. bxc4 c5 13. d5 exd5 14. cxd5 Re8
15. e4 c4 16. Qc2 Bb4 17. Rd4 Bc5 18. Rd2 Bb4 19. Rd4 Bc5 20. Rdd1 Ng4 21. Nd4
Nge5 22. Na4 Bf8 23. f4 Nd3 24. e5 N7c5 25. Nc3 b5 26. d6 Bxg2 27. Qxg2 b4 28.
Nd5 c3 29. Bc1 a5 30. Qf3 Nxc1 31. Raxc1 Qd7 32. Nb6 Qa7 33. Nxc8 Rxc8 34. Kg2
Qd7 35. Qd5 a4 36. f5 Na6 37. e6 fxe6 38. Nxe6 Kh8 39. Ng5 h6 40. Nf7+ Kh7 41.
Ne5 {Hou,Y (2673)-Kravtsiv,M (2563) Bastia 2014 0-1 (63)}) (11... Qc7 12. e4 (
12. Rac1) 12... c5 13. exd5 exd5 14. cxd5 Nxd5 15. Nxd5 Bxd5 16. Rac1 ) 12. e4 dxe4 13. Nxe4 Qc7 14. Nc3 $1 {[%emt 0:17:44] Les Blancs ont un avantage
d'espace et il vaut mieux éviter les échanges} Rcd8 (14...
c5 15. d5 $14) 15. Rd2 (15. Rac1) (15. Qe2 Bf8
16. Ne5 $14) 15... Bb4 16. Re2 e5 $132 17. Qc2 exd4 18. Rxe8+ Rxe8 19. Nxd4 a6 (19... c5 20. Nf5 Bxg2 21. Kxg2) 20. Nf5 Bf8 21. Ne4 Nxe4 22. Bxe4 Ne5 23. Ne3 g6 (23... c5 24.
Nd5 ) 24. Rd1 Bg7 25. Bg2 Qe7 26. Bd4 c5 27. Bxe5 Bxe5 28. Bxb7 Qxb7 29. Nd5 $16 Bd4 30. Qd3 (30. Rxd4 cxd4 31. Nf6+ Kf8 32. Nxe8 Kxe8 33.
Qe2+) 30... Qc6 31. Qf3 $1 Kg7 32. Kg2 (32. h4 ) 32... Re5 33. Rd2 Qe6 34. a4 g5 {[%emt 0:02:02] Très risqué} 35. h3 (35. b4 $5 g4 36. Qf4 f5 37. b5 $14) 35... f5 36. Nc7 Qd7 37. Nd5 Qe6 38. Nc7 {[%emt 0:00:27] Une répétition de coups pour gagner du temps
avec l'incrément} Qd7 39. Nxa6 g4 40. hxg4 fxg4 41. Qa8 Qf7 42. f3 $2 {[%emt 0:07:01] Il y a souvent une
déconcentration après avoir passé le contrôle de temps et cette partie en
est un nouvel exemple.} Re1 0-1